 Dungeon Crawl Stone Soup version 0.23-a0-336-g43d87f4c55 (webtiles) character file.

49 Nesh the Vexing (level 3, 0/16 HPs)
             Began as a Spriggan Enchanter on Oct 18, 2018.
             Succumbed to an adder's poison
             ... on level 2 of the Dungeon.
             The game lasted 00:05:31 (2097 turns).

Nesh the Vexing (Spriggan Enchanter)                Turns: 2097, Time: 00:05:32

Health: 0/16       AC:  2    Str:  4    XL:     3   Next: 53%
Magic:  6/9        EV: 18    Int: 17    God:
Gold:   55         SH:  0    Dex: 16    Spells: 1/10 levels left

rFire    . . .     SeeInvis +   a - +1 dagger
rCold    . . .     Gourm    .   (shield restricted)
rNeg     . . .     Faith    .   b - +0 robe
rPois    .         Spirit   .   (helmet restricted)
rElec    .         Reflect  .   (no cloak)
rCorr    .         Harm     .   (gloves unavailable)
MR       .....                  (boots unavailable)
Stlth    +++.......             (no amulet)
HPRegen  0.05/turn              (no ring)
MPRegen  0.11/turn              (no ring)

@: lethally poisoned (0 -> -7), berserk cooldown, slowed, quick
A: very small, unfitting armour, see invisible, herbivore, speed 3, slow
metabolism 2
a: no special abilities


You were on level 2 of the Dungeon.
You were not hungry.

You visited 1 branch of the dungeon, and saw 2 of its levels.

You collected 55 gold pieces.

Inventory:

Hand Weapons
 a - a +1 dagger (weapon)
Armour
 b - a +0 robe (worn)
Scrolls
 f - a scroll of fear
Potions
 g - a potion of brilliance
Comestibles
 d - 5 rations


   Skills:
 - Level 1.1 Short Blades
 - Level 3.0 Dodging
 - Level 4.4 Stealth
 + Level 4.0 Spellcasting
 + Level 4.7 Hexes


You had one spell level left.
You knew the following spells:

 Your Spells              Type           Power        Failure   Level  Hunger
a - Ensorcelled Hibernat  Hex/Ice        ##....       9%          2    ##.....
b - Corona                Hex            ###....      2%          1    None
c - Confuse               Hex            ###.....     7%          3    ###....
d - Dazzling Spray        Conj/Hex       ##....       19%         3    ###....

Your spell library contained the following spells:

 Spells                   Type           Power        Failure   Level  Hunger
 Tukima's Dance           Hex            ###.....     7%          3    ###....


Dungeon Overview and Level Annotations

Branches:
Dungeon (2/15)

Altars:


Innate Abilities, Weirdness & Mutations

You are very small and have problems with some larger weapons.
You are too small for most types of armour.
You have supernaturally acute eyesight. (SInv)
You are a herbivore.
You cover ground extremely quickly.
You need to consume almost no food.


Message History

You feel sick. The adder completely misses you.
You puncture the adder!
You kill the adder!
Your Spellcasting skill increases to level 4!
* * * LOW HITPOINT WARNING * * *
You feel sick.
You see here an adder corpse.
You feel a strong urge to attack something.
You feel your anger nearly subside.
You are no longer berserk.
You are exhausted.
You feel yourself slow down.
You see here an adder corpse.
You open the door.
An adder comes into view.
* * * LOW HITPOINT WARNING * * *
You feel sick.
There is an open door here.
A gnoll comes into view. It is wielding a +0 whip.
You die...

## .##### .....# .....#
#### .....# #.. .....#
#.######### .....###
#.#........ .......#
#†'........
.#####.#######.#@.......
...............#........
......#.######.#...S....
......#..## #.#........
..........# #.#........
......##..# #)#.......g
.......##.####.#########
.......#..............
.......#.......†...#..


You could see a gnoll (wandering) and an adder (sleeping).

Vanquished Creatures
  An adder (D:2)
  A dart slug (D:1)
  A bat (D:2)
  4 giant cockroaches (D:1)
  6 goblins
  4 hobgoblins
  4 jackals
  6 frilled lizards
  6 kobolds
  A rat (D:1)
34 creatures vanquished.

Notes
Turn   | Place    | Note
-------+----------+-------------------------------------------
     0 | D:1      | Nesh the Spriggan Enchanter began the quest for the Orb.
     0 | D:1      | Reached XP level 1. HP: 9/9 MP: 5/5
   519 | D:1      | Reached XP level 2. HP: 9/13 MP: 7/7
   523 | D:1      | Learned a level 2 spell: Ensorcelled Hibernation
  1268 | D:1      | Reached XP level 3. HP: 10/16 MP: 0/9
  1273 | D:1      | Learned a level 3 spell: Confuse
  1277 | D:1      | Learned a level 3 spell: Dazzling Spray
  2097 | D:2      | Succumbed to an adder's poison

Vault maps used:
D:1:      dpeg_arrival_rooms_c
D:2:      overflow_temple_1_default, first_ration, minivault_25

Skill      XL: |  1  2  3 |
---------------+----------+-----
Spellcasting   | 3 4 |  4.0
Hexes          | 4 |  4.7
Short Blades   | |  1.1
Dodging        | |  3.0
Stealth        | |  4.4

Action                   || total
-------------------------++-------
Melee: Dagger            ||   150
 Cast: Corona            ||     3
       Ensorcelled Hiber ||    15
  Use: Scroll            ||     3
       Potion            ||     4
 Stab: Sleeping          ||    13
Armor: Robe              ||    11
Dodge: Dodged            ||   128

Table legend:
 A = Non-vault XP
 B = Vault XP
 C = Vault XP percentage of total XP
 D = Non-vault monster count
 E = Vault monster count
 F = Vault count percentage of total count
                 A         B        C        D         E       F
            +---------+---------+-------+---------+---------+-------
      Total |      71 |       0 |   0.0 |      34 |       0 |   0.0
            +---------+---------+-------+---------+---------+-------
        D:1 |      41 |       0 |   0.0 |      24 |       0 |   0.0
        D:2 |      30 |       0 |   0.0 |      10 |       0 |   0.0
            +---------+---------+-------+---------+---------+-------
